Map: King Sejong Station LE

Players

ByuNjwa - Winner!

  • Race: Terran Terran
  • League: Master

Ikaruga

  • Race: Terran Terran
  • League: Diamond

VOD

Have the link to the VOD?

Description

Time

  • Played on: July 22, 2016, 9:05 a.m.
  • Length: 8:09
Show
View Real Time Build Order
Export as new Build Order

ByuNjwa Terran - Winner!

Build Orders: Hellion Opening 

Get SALT Encoding   

  12  0:00  SCV  
  13  0:13  SCV  
  14  0:17  Supply Depot  
  14  0:25  SCV  
  15  0:31  Refinery  
  15  0:39  SCV  
  16  0:44  Barracks  
  16  0:51  SCV  
  17  1:03  SCV  
  18  1:15  SCV  
  19  1:30  Orbital Command  
  20  1:32  Reaper  
  20  1:44  Command Center  
  20  1:55  Factory  
  20  1:58  SCV  
  21  2:08  Barracks Reactor  
  21  2:09  Supply Depot  
  21  2:12  SCV  
  22  2:24  SCV  
  22  2:25  Refinery  
  23  2:36  SCV  
  24  2:45  Starport  
  24  2:48  SCV  
  25  2:56  Hellion x2  
  25  2:57  Barracks Tech Lab  
  29  3:00  SCV  
  29  3:03  Orbital Command  
  30  3:12  SCV  
  31  3:17  Hellion x2  
  35  3:24  SCV  
  36  3:27  Viking  
  36  3:33  SCV  
  39  3:36  Barracks Reactor  
  39  3:39  Supply Depot  
  39  3:41  SCV  
  39  3:44  Hellion  
  39  3:45  SCV, Hellion  
  45  3:53  SCV  
  46  4:00  Raven  
  46  4:01  SCV  
  49  4:05  SCV, Hellion  
  49  4:06  Hellion  
  54  4:10  Supply Depot  
  54  4:24  Command Center  
  54  4:31  Supply Depot  
  54  4:32  SCV x2  
  54  4:34  Hellion x2  
  60  4:44  SCV x2  
  62  4:47  Factory  
  62  4:52  Viking  
  64  4:53  Viking  
  64  4:56  SCV x2  
  68  5:01  Supply Depot  
  68  5:07  Armory  
  68  5:08  SCV x2  
  70  5:17  Refinery x2  
  70  5:22  SCV x2  
  70  5:23  Hellion x2  
  76  5:31  Infernal Pre-Igniter  
  76  5:33  Hellion  
  78  5:36  SCV x2  
  78  5:39  Supply Depot  
  78  5:41  Orbital Command  
  80  5:48  SCV, Viking  
  83  5:53  Viking  
  83  5:55  SCV  
  86  5:59  Hellion  
  86  6:00  SCV  
  89  6:06  Hellion x2  
  89  6:07  SCV  
  89  6:11  Orbital Command  
  94  6:15  SCV  
  95  6:18  Viking  
  95  6:22  Orbital Command  
  95  6:23  SCV, Viking  
  100  6:31  Supply Depot  
  100  6:32  Cyclone, Hellion x2  
  108  6:39  SCV  
  109  6:40  Armory  
  109  6:49  Supply Depot  
  109  6:52  SCV x2  
  111  6:55  Hellion x2  
  115  7:01  Refinery  
  115  7:02  SCV  
  115  7:04  SCV  
  117  7:09  Engineering Bay  
  117  7:11  SCV, Cyclone  
  117  7:14  SCV  
  123  7:16  SCV  
  124  7:32  SCV  
  125  7:42  Supply Depot  
  125  7:47  Starport, Factory, Command Center  
Show
View Real Time Build Order
Export as new Build Order

Ikaruga Terran 

Build Orders: Reaper Expand 

Get SALT Encoding   

  12  0:00  SCV  
  13  0:12  SCV  
  14  0:17  Supply Depot  
  14  0:25  SCV  
  15  0:38  SCV  
  15  0:40  Barracks  
  16  0:46  Refinery  
  16  0:51  SCV  
  17  1:03  SCV  
  18  1:15  SCV  
  19  1:27  Orbital Command  
  19  1:28  Reaper  
  20  1:46  Command Center  
  20  1:53  SCV  
  21  1:56  Supply Depot  
  21  2:00  Marine  
  22  2:05  SCV  
  23  2:11  Factory  
  23  2:17  SCV  
  23  2:21  Refinery  
  24  2:29  SCV  
  25  2:34  Barracks Reactor  
  25  2:41  SCV  
  26  2:54  SCV  
  26  2:57  Command Center  
  27  3:02  Orbital Command  
  27  3:06  SCV  
  28  3:15  Starport  
  28  3:22  Hellion  
  28  3:25  Hellion  
  33  3:27  SCV  
  33  3:29  SCV  
  34  3:39  SCV  
  34  3:41  Barracks Tech Lab, SCV  
  36  3:43  Hellion  
  36  3:46  Hellion  
  40  3:51  SCV  
  40  3:53  Viking  
  44  3:55  SCV  
  44  4:03  SCV  
  44  4:07  SCV  
  44  4:09  Hellion x2  
  51  4:11  Orbital Command  
  51  4:15  SCV  
  51  4:19  SCV  
  52  4:27  SCV  
  52  4:30  Supply Depot, Hellion  
  52  4:31  Raven  
  55  4:32  SCV  
  55  4:34  Hellion  
  60  4:40  SCV  
  61  4:45  SCV x2  
  61  4:46  Supply Depot  
  61  4:48  Factory  
  61  4:49  Barracks Reactor  
  61  4:52  Hellion  
  65  4:53  SCV  
  65  4:55  Hellion  
  65  4:58  SCV  
  65  4:59  SCV  
  70  5:03  Supply Depot  
  70  5:11  SCV  
  71  5:23  SCV x2  
  71  5:27  Viking  
  71  5:28  SCV, Viking  
  78  5:32  Hellion  
  78  5:33  Hellion  
  82  5:48  Hellion  
  82  5:49  SCV  
  85  5:51  SCV  
  85  5:55  Orbital Command, Hellion x2  
  90  5:57  Viking  
  90  6:01  SCV  
  93  6:04  Supply Depot  
  93  6:05  Supply Depot  
  93  6:08  SCV  
  93  6:09  Armory  
  93  6:14  Armory  
  93  6:17  Widow Mine  
  93  6:18  SCV, Viking  
  98  6:21  SCV  
  98  6:23  SCV  
  97  6:27  Viking, Hellion x2  
  97  6:32  SCV  
  104  6:33  SCV, Engineering Bay  
  104  6:38  SCV  
  106  6:43  Supply Depot  
  106  6:44  SCV, Supply Depot x2  
  106  6:46  Supply Depot  
  107  6:47  Siege Tank  
  107  6:48  Supply Depot  
  107  6:49  Viking, Hellion x2  
  116  6:58  SCV  
  117  7:03  Refinery x2  
  117  7:09  SCV x2  
  117  7:12  Missile Turret x2  
  117  7:13  Missile Turret, Hellion x2  
  121  7:25  Hellion  
  123  7:34  Hellion  
  123  7:43  Hellion  
  127  7:46  Hellion  
  127  7:47  SCV x2  
  131  7:53  Refinery  
  131  7:54  Refinery, Missile Turret  
  131  7:56  Missile Turret  
  131  7:57  Missile Turret  
  129  8:04  Supply Depot  
Tags
 
Add a new tag
Caveats
  • Supply blocks, unpowered buildings, or Contaminate may cause inaccurate times.
  • Supply counts are checked every 10 seconds.